 Dungeon Crawl Stone Soup version 0.26-a0-30-g56b8cd3df0 (webtiles) character file.

Game seed: 12526730276814866413, levelgen mode: deterministic

238 Lanoc the Chopper (level 5, -4/40 HPs)
             Began as a Demonspawn Skald on May 30, 2020.
             Was an Initiate of Cheibriados.
             Slain by a howler monkey skeleton (6 damage)
             ... on level 4 of the Dungeon.
             The game lasted 00:04:02 (4614 turns).

Lanoc the Chopper (Demonspawn Skald)                Turns: 4614, Time: 00:04:02

Health: -4/40      AC:  4    Str: 12    XL:     5   Next: 78%
Magic:  0/8        EV: 13    Int: 16    God:    Cheibriados [......]
Gold:   129        SH:  0    Dex: 14    Spells: 5/8 levels left

rFire    . . .     SeeInvis .   a - +0 hand axe
rCold    . . .     Gourm    .   (no shield)
rNeg     . . .     Faith    .   b - +0 leather armour
rPois    .         Spirit   .   c - +0 helmet
rElec    .         Reflect  .   (no cloak)
rCorr    .         Harm     .   (no gloves)
MR       .....                  (no boots)
Stlth    ++........             (no amulet)
HPRegen  0.13/turn              (no ring)
MPRegen  0.11/turn              (no ring)

@: infused, very slow
A: claws 1, nightstalker 1, sturdy frame 1
a: Bend Time, Renounce Religion


You were on level 4 of the Dungeon.
You worshipped Cheibriados.
Cheibriados was noncommittal.
You were not hungry.

You visited 1 branch of the dungeon, and saw 4 of its levels.

You collected 129 gold pieces.

Inventory:

Hand Weapons
 a - a +0 hand axe (weapon)
Armour
 b - a +0 leather armour (worn)
 c - a +0 helmet (worn)
Wands
 m - a wand of polymorph (7)
Scrolls
 e - 5 scrolls of identify {unknown}
 i - 2 scrolls of blinking {unknown}
 j - 2 scrolls of remove curse {unknown}
 l - a scroll of immolation {unknown}
Potions
 g - 2 potions of flight {unknown}
 h - a potion of curing {unknown}
 k - a potion of mutation {unknown}
Comestibles
 d - 4 rations
 f - a chunk of flesh


   Skills:
 + Level 2.9 Fighting
 * Level 3.5 Axes
 + Level 2.2 Armour
 + Level 2.7 Dodging
 - Level 2.0 Spellcasting
 + Level 3.4 Charms


You had 5 spell levels left.
You knew the following spells:

 Your Spells              Type           Power        Failure   Level  Hunger
a - Infusion              Chrm           ##..         5%          1    #......
b - Song of Slaying       Chrm           ##......     9%          2    ###....

Your spell library contained the following spells:

 Spells                   Type           Power        Failure   Level  Hunger
 Shroud of Golubria       Chrm/Tloc      #.....       16%         2    ###....
 Ozocubu's Armour         Chrm/Ice       #.......     32%         3    ###....
 Spectral Weapon          Hex/Chrm       #.......     32%         3    ###....


Dungeon Overview and Level Annotations

Branches:
Dungeon (4/15)
 Temple: D:4-7

Altars:
Cheibriados
Wu Jian
The Shining One


Innate Abilities, Weirdness & Mutations

You have sharp fingernails.
You are slightly more attuned to the shadows.
Your movements are slightly less encumbered by armour. (ER -2)


Message History

Cheibriados appreciates the change of pace.
You hit the howler monkey skeleton.
The howler monkey skeleton is lightly damaged.
The howler monkey skeleton completely misses you.
You hit the howler monkey skeleton.
The howler monkey skeleton is heavily damaged.
The howler monkey skeleton hits you.
* * * LOW HITPOINT WARNING * * *
You hit the howler monkey skeleton.
The howler monkey skeleton is severely damaged.
The howler monkey skeleton hits you.
* * * LOW HITPOINT WARNING * * *
You hit the howler monkey skeleton but do no damage.
The howler monkey skeleton is severely damaged.
The howler monkey skeleton hits you.
* * * LOW HITPOINT WARNING * * *
You hit the howler monkey skeleton.
The howler monkey skeleton is almost destroyed.
The howler monkey skeleton hits you.
You die...

.. ## ... .. ######
..##. #....# .........
#.88.# # .....
#..##รท88.##.
....####..'....#.#
....##.#..####'#.#
....##.....##).#Z#
...........##..#@##
...<.<.....#.####.# #
.........#.#.#
#.###..#
......#..###.# #.#Z(#
##...##...##.####.#("#
###..##.####....#####
#...... ######
#....... .. ....##


You could see a howler monkey skeleton.

Vanquished Creatures
  A hound (D:4)
  Jessica (D:2)
  Terence (D:2)
  An iguana (D:4)
  5 adders
  5 oozes
  A worm (D:2)
  2 dart slugs
  3 leopard geckos
  5 orcs
  2 giant cockroaches (D:3)
  A goblin (D:3)
  11 hobgoblins
  A quokka (D:2)
  7 bats
  2 frilled lizards (D:1)
  4 kobolds
  5 rats
58 creatures vanquished.

Notes
Turn   | Place    | Note
-------+----------+-------------------------------------------
     0 | D:1      | Lanoc the Demonspawn Skald began the quest for the Orb.
     0 | D:1      | Reached XP level 1. HP: 16/16 MP: 3/3
    73 | D:1      | Reached skill level 1 in Armour
   117 | D:1      | Gained mutation: Your movements are slightly less
                  | encumbered by armour. (ER -2) [demonic ancestry]
   117 | D:1      | Reached XP level 2. HP: 22/22 MP: 5/5
   125 | D:1      | Learned a level 2 spell: Song of Slaying
  1160 | D:2      | Reached XP level 3. HP: 27/27 MP: 3/6
  1669 | D:2      | Found a glowing golden altar of the Shining One.
  1797 | D:2      | Noticed Terence
  1822 | D:2      | Killed Terence
  1822 | D:2      | Gained mutation: You are slightly more attuned to the
                  | shadows. [demonic ancestry]
  1822 | D:2      | Reached XP level 4. HP: 15/34 MP: 1/7
  2425 | D:2      | Noticed Jessica
  2436 | D:2      | Killed Jessica
  3203 | D:3      | Gained mutation: You have sharp fingernails. [demonic
                  | ancestry]
  3203 | D:3      | Reached XP level 5. HP: 33/39 MP: 4/8
  3208 | D:3      | Found an ornate altar of the Wu Jian Council.
  4123 | D:3      | Found a snail-covered altar of Cheibriados.
  4141 | D:3      | Became a worshipper of Cheibriados the Contemplative
  4613 | D:4      | HP: 1/40 [howler monkey skeleton (3)]
  4614 | D:4      | Slain by a howler monkey skeleton

Illustrated notes

Levels and vault maps discovered:
D:1:      dpeg_arrival_boxes_within_box, layout_basic
D:2:      layout_rooms, nicolae_tso_carved_into_rock, kennysheep_generic_room_9,
          uniq_jessica, uniq_terence
D:3:      layout_basic, kennysheep_slug_shrine, marbit_many_paths, first_ration,
          palyth_stone_intersect, nrook_mini_vaults
D:4:      minmay_chambers_of_fours, layout_cave_pools, gup_sewer_entry_bowl

Skill      XL: |  1  2  3  4  5 |
---------------+----------------+-----
Axes           | 2 3 |  3.5
Armour         | 1 2 |  2.2
Dodging        | 2 |  2.7
Charms         | 3 |  3.4
Fighting       | |  2.9
Spellcasting   | |  2.0

Action                   |  1- 3 |  4- 6 || total
-------------------------+-------+-------++-------
Melee: Hand axe          |    98 |   104 ||   202
 Cast: Infusion          |    15 |    19 ||    34
 Stab: Sleeping          |       |     1 ||     1
  Eat: Chunk             |     3 |     6 ||     9
       Ration            |       |     1 ||     1
Armor: Leather armour    |    22 |    26 ||    48
Dodge: Dodged            |    74 |    66 ||   140

Table legend:
 A = Non-vault XP
 B = Vault XP
 C = Vault XP percentage of total XP
 D = Non-vault monster count
 E = Vault monster count
 F = Vault count percentage of total count
                 A         B        C        D         E       F
            +---------+---------+-------+---------+---------+-------
      Total |     164 |     177 |  51.9 |      50 |       8 |  13.8
            +---------+---------+-------+---------+---------+-------
        D:1 |      39 |       0 |   0.0 |      17 |       0 |   0.0
        D:2 |      51 |      86 |  62.8 |      17 |       3 |  15.0
        D:3 |      71 |      11 |  13.4 |      15 |       2 |  11.8
        D:4 |       3 |      80 |  96.4 |       1 |       3 |  75.0
            +---------+---------+-------+---------+---------+-------
